Map: Galactic Process LE

Players

Logifresh

  • Race: Protoss Protoss
  • League: Diamond

IMoGsPRIME - Winner!

  • Race: Zerg Zerg
  • League: Master

VOD

Have the link to the VOD?

Description

Time

  • Played on: Aug. 12, 2016, 11:19 p.m.
  • Length: 17:24
Show
View Real Time Build Order
Export as new Build Order

Logifresh Protoss 

Build Orders: 1 Gate Expand 

Get SALT Encoding   

  12  0:01  Probe (Chrono Boost)  
  13  0:12  Probe (Chrono Boost)  
  14  0:17  Pylon  
  14  0:23  Probe (Chrono Boost)  
  15  0:36  Gateway  
  15  0:45  Assimilator  
  15  0:49  Probe (Chrono Boost)  
  16  1:00  Probe (Chrono Boost)  
  17  1:10  Probe (Chrono Boost)  
  18  1:22  Probe (Chrono Boost)  
  19  1:28  Nexus  
  19  1:36  Cybernetics Core  
  19  1:38  Probe (Chrono Boost)  
  20  1:49  Probe (Chrono Boost)  
  20  1:52  Assimilator  
  21  1:57  Pylon  
  21  2:00  Probe (Chrono Boost)  
  22  2:12  Probe (Chrono Boost)  
  22  2:15  Adept  
  25  2:17  Warp Gate  
  25  2:27  Probe (Chrono Boost)  
  26  2:36  Twilight Council  
  26  2:39  Gateway, Probe (Chrono Boost)  
  27  2:49  Gateway  
  27  2:51  Probe (Chrono Boost)  
  28  2:55  Adept  
  30  2:59  Probe (Chrono Boost)  
  30  3:03  Probe (Chrono Boost)  
  32  3:10  Mothership Core (Chrono Boost)  
  34  3:18  Resonating Glaives  
  34  3:21  Probe (Chrono Boost)  
  35  3:28  Probe (Chrono Boost)  
  35  3:33  Adept, Probe (Chrono Boost)  
  39  3:36  Adept  
  39  3:38  Probe (Chrono Boost)  
  42  3:45  Probe (Chrono Boost)  
  43  3:49  Probe (Chrono Boost)  
  43  3:50  Pylon  
  44  3:57  Probe (Chrono Boost)  
  44  3:59  Probe (Chrono Boost)  
  46  4:09  Probe (Chrono Boost)  
  45  4:11  Probe (Chrono Boost)  
  46  4:18  Nexus  
  46  4:19  Pylon  
  46  4:21  Pylon  
  47  4:25  Probe (Chrono Boost)  
  47  4:27  Adept  
  47  4:28  Adept  
  47  4:30  Adept  
  53  4:33  Probe (Chrono Boost)  
  55  4:39  Probe (Chrono Boost)  
  55  4:40  Assimilator  
  55  4:42  Assimilator  
  54  4:49  Robotics Facility  
  54  4:54  Forge  
  54  4:57  Probe (Chrono Boost)  
  55  5:00  Probe (Chrono Boost)  
  56  5:16  Probe (Chrono Boost)  
  56  5:17  Probe (Chrono Boost)  
  58  5:24  Pylon  
  58  5:26  Probe (Chrono Boost), Protoss Ground Weapons Level 1  
  60  5:29  Probe (Chrono Boost)  
  60  5:33  Probe (Chrono Boost)  
  59  5:36  Warp Prism  
  59  5:38  Probe (Chrono Boost)  
  59  5:41  Probe (Chrono Boost)  
  63  5:43  Probe (Chrono Boost)  
  64  5:53  Gateway  
  64  5:55  Gateway  
  64  5:56  Gateway  
  66  5:58  Probe x2 (Chrono Boost)  
  66  5:59  Templar Archives  
  66  6:03  Adept x3  
  72  6:15  Blink  
  72  6:17  Probe (Chrono Boost)  
  75  6:18  Probe (Chrono Boost)  
  75  6:19  Probe (Chrono Boost)  
  75  6:28  Assimilator  
  75  6:31  Probe (Chrono Boost)  
  75  6:32  Assimilator  
  76  6:33  Immortal  
  76  6:36  Pylon  
  80  6:41  Sentry  
  80  6:45  Sentry  
  81  7:05  Probe x2 (Chrono Boost)  
  83  7:19  Immortal  
  81  7:28  Protoss Ground Weapons Level 2, Probe x2 (Chrono Boost)  
  81  7:32  Probe (Chrono Boost)  
  81  7:33  Psionic Storm  
  74  7:40  Pylon, Probe x2 (Chrono Boost)  
  74  7:42  Pylon  
  74  7:43  Probe (Chrono Boost)  
  74  7:44  Stalker x6  
  91  7:52  Probe x2 (Chrono Boost)  
  91  7:54  Warp Prism  
  91  7:57  Pylon  
  91  7:58  Probe (Chrono Boost)  
  94  8:04  Gateway  
  94  8:05  Gateway, Probe (Chrono Boost)  
  96  8:06  Probe (Chrono Boost)  
  96  8:08  Stalker x4, Gateway  
  96  8:09  Stalker x2  
  108  8:17  Pylon  
  108  8:18  Robotics Facility, Robotics Bay  
  108  8:38  Pylon  
  108  8:56  Nexus  
  108  8:58  Pylon  
  108  9:00  Pylon  
  108  9:03  High Templar x6  
  108  9:08  Archon x3  
  116  9:12  Assimilator  
  116  9:14  Assimilator  
  116  9:23  Disruptor  
  116  9:28  Disruptor  
  116  9:30  Adept x3  
  128  9:36  High Templar  
  128  9:37  Zealot x4  
  128  9:38  Zealot  
  130  9:53  High Templar x2  
  130  9:56  Disruptor  
  130  9:58  Archon  
  105  10:08  Zealot x4  
  105  10:09  Zealot x3  
  97  10:19  Disruptor  
  80  10:27  Disruptor  
  80  10:29  Stalker  
  80  10:30  Stalker x3  
  91  10:41  Adept x5  
  101  10:51  Probe x2 (Chrono Boost)  
  101  10:52  Probe x2 (Chrono Boost)  
  103  10:59  Stalker x2  
  103  11:00  Stalker x2, Disruptor  
  111  11:05  Pylon  
  111  11:08  Gateway  
  111  11:09  Gateway  
  114  11:24  Stalker x2  
  114  11:25  Stalker x4  
  124  11:30  Immortal  
  121  11:52  Stalker  
  121  11:53  Stalker x7  
  121  11:54  Stalker  
  136  12:09  Immortal  
  136  12:13  High Templar x2  
  139  12:33  High Templar  
  141  12:39  Probe (Chrono Boost)  
  141  12:43  Stargate  
  142  12:45  Stargate  
  142  12:48  Adept x2, Immortal  
  142  12:49  Adept x4  
  142  12:50  Adept x3  
  164  12:57  Probe (Chrono Boost)  
  165  13:01  Forge  
  165  13:04  Forge  
  165  13:22  Protoss Ground Weapons Level 3, Robotics Facility  
  165  13:27  Disruptor  
  164  13:37  Pylon  
  164  13:39  Dark Shrine  
  164  13:42  Protoss Ground Armor Level 1  
  164  13:46  Fleet Beacon  
  164  14:03  Observer  
  164  14:06  Pylon  
  165  14:10  Observer  
  166  14:25  Observer  
  166  14:29  Pylon  
  167  14:32  Observer  
  167  14:35  Nexus  
  167  14:38  Pylon  
  168  14:40  Pylon  
  168  14:43  Tempest x2  
  169  15:21  Assimilator  
  169  15:23  Nexus  
  169  15:26  Assimilator, Tempest  
  173  15:29  Photon Cannon  
  173  15:31  Photon Cannon  
  173  15:33  Photon Cannon  
  169  15:37  Photon Cannon  
  167  15:49  High Templar x3  
  166  15:50  High Templar x6  
  166  15:51  High Templar  
  166  15:54  Archon x4  
  166  15:55  Archon  
  167  16:08  Phoenix x2  
  134  16:30  Phoenix x2  
  137  16:51  Phoenix  
  138  17:03  Zealot x3  
  138  17:04  Zealot x7  
  138  17:05  Zealot  
Show
View Real Time Build Order
Export as new Build Order

IMoGsPRIME Zerg - Winner!

Build Orders: Hatch First, Lurkers 

Get SALT Encoding   

  12  0:02  Drone  
  13  0:13  Overlord  
  13  0:17  Drone  
  14  0:31  Drone x2  
  14  0:34  Drone  
  17  0:55  Hatchery  
  16  0:58  Drone  
  17  1:12  Spawning Pool  
  17  1:14  Drone  
  17  1:18  Drone  
  18  1:23  Drone  
  18  1:24  Extractor  
  18  1:59  Queen  
  18  2:00  Zergling x4  
  22  2:07  Hatchery  
  21  2:10  Queen  
  21  2:14  Drone  
  24  2:20  Drone  
  25  2:30  Metabolic Boost  
  25  2:35  Overlord  
  25  2:36  Drone  
  26  2:41  Drone  
  27  2:44  Drone  
  28  3:03  Drone x6  
  34  3:07  Queen  
  34  3:20  Queen  
  34  3:23  Drone x3  
  39  3:33  Zergling x2  
  39  3:34  Zergling x4  
  42  3:39  Roach Warren  
  42  3:41  Overlord  
  41  3:45  Drone  
  41  3:47  Overlord  
  42  4:06  Drone x7  
  42  4:07  Drone x5  
  53  4:17  Queen x2  
  57  4:33  Overlord  
  57  4:39  Overlord  
  57  4:52  Overlord x2  
  57  4:53  Drone x8  
  57  4:55  Overlord  
  57  4:57  Extractor  
  57  4:58  Lair  
  64  5:01  Zergling x2  
  64  5:02  Zergling x6  
  64  5:04  Zergling x2  
  63  5:19  Roach x6  
  70  5:47  Roach x2  
  70  5:48  Drone  
  70  5:49  Drone  
  76  5:52  Drone  
  77  6:00  Extractor  
  76  6:06  Drone x4  
  76  6:08  Hatchery  
  80  6:18  Drone x6  
  80  6:20  Extractor  
  80  6:24  Roach x4  
  80  6:25  Roach x3  
  96  6:34  Evolution Chamber x2, Glial Reconstitution  
  96  6:36  Drone x3  
  97  6:40  Overlord x2  
  97  6:48  Overlord x2  
  97  6:53  Roach  
  95  7:03  Roach  
  95  7:04  Roach x8  
  105  7:23  Drone x7  
  105  7:24  Drone x6  
  105  7:28  Zerg Missile Weapons Level 1  
  118  7:41  Extractor  
  118  7:42  Extractor  
  118  7:43  Zergling x2  
  118  7:44  Zergling x8  
  120  7:50  Zerg Ground Armor Level 1  
  121  7:54  Ravager x2  
  121  7:55  Ravager  
  124  7:58  Extractor  
  124  7:59  Hatchery  
  124  8:01  Drone x3  
  125  8:06  Extractor  
  125  8:10  Roach x4  
  125  8:11  Hydralisk Den  
  125  8:12  Drone x5  
  136  8:13  Overlord x3  
  136  8:28  Overlord x2  
  136  8:32  Overlord  
  136  8:33  Drone x4  
  141  8:34  Drone x3  
  141  8:35  Drone x2  
  141  8:37  Drone x3  
  141  8:38  Drone  
  149  8:46  Hydralisk x6  
  161  8:50  Muscular Augments  
  161  8:52  Overseer  
  158  9:04  Hydralisk x6  
  158  9:06  Zergling x2  
  158  9:07  Zergling x6  
  158  9:08  Hydralisk  
  175  9:10  Hydralisk  
  175  9:11  Hydralisk  
  175  9:14  Hydralisk  
  175  9:15  Hydralisk  
  183  9:21  Hydralisk x2  
  187  9:28  Hydralisk  
  188  9:32  Overlord x2, Drone  
  188  9:33  Overlord x2  
  188  9:35  Zerg Missile Weapons Level 2  
  189  9:39  Infestation Pit  
  160  10:03  Hydralisk x8  
  160  10:04  Hydralisk x5  
  161  10:07  Hydralisk  
  161  10:08  Roach  
  161  10:09  Roach  
  157  10:20  Roach  
  157  10:21  Roach x9  
  173  10:22  Drone x5  
  173  10:23  Drone x2  
  173  10:24  Drone  
  173  10:26  Drone x2  
  173  10:27  Extractor x2, Drone  
  182  10:31  Zerg Ground Armor Level 2  
  182  10:35  Drone x3  
  185  10:56  Hatchery  
  182  11:01  Hydralisk x7  
  179  11:07  Roach x8  
  179  11:08  Roach x2  
  179  11:09  Lurker Den  
  199  11:18  Zergling x2  
  169  11:48  Hydralisk  
  169  11:49  Hydralisk x2  
  169  11:50  Hive  
  169  11:53  Roach x11  
  169  11:54  Roach  
  199  11:55  Spire  
  181  12:43  Lurker x6  
  181  12:44  Lurker x6  
  190  12:45  Lurker x2  
  190  12:46  Drone x4  
  199  13:02  Extractor  
  199  13:03  Extractor  
  188  13:51  Zerg Flyer Weapons Level 1  
  185  14:06  Mutalisk x7  
  199  14:46  Hatchery  
  198  14:55  Mutalisk x2  
  198  14:57  Mutalisk  
  198  14:58  Mutalisk  
  194  15:02  Ultralisk Cavern, Mutalisk  
  194  15:03  Mutalisk x8  
  183  15:09  Mutalisk x10  
  199  15:28  Mutalisk  
  198  15:31  Extractor  
  198  15:32  Extractor  
  173  15:54  Mutalisk  
  173  15:56  Ultralisk x4  
  183  16:07  Ultralisk x2  
  195  16:22  Zergling x2  
  195  16:23  Zergling x8  
  190  16:56  Zergling x2  
  190  16:57  Zergling x18  
Tags
 
Add a new tag
Caveats
  • Supply blocks, unpowered buildings, or Contaminate may cause inaccurate times.
  • Supply counts are checked every 10 seconds.